 Dungeon Sprint DCSS version 0.17-a0-1133-gfb1399f (webtiles) character file.

4 esc the Insei (level 1, 2/15 HPs)
             Began as an Octopode Transmuter on May 25, 2015.
             Quit the game in the Dungeon (Sprint IX: "|||||||||||||||||||||||||||||").
             The game lasted 00:00:44 (93 turns).

esc the Insei (Octopode Transmuter)                   Turns: 93, Time: 00:00:45

Health: 2/15       AC:  1    Str:  9    XL:     1   Next: 70%
Magic:  3/3        EV: 12    Int: 15    God:
Gold:   0          SH:  0    Dex: 12    Spells: 1 memorised, 3 levels left

rFire  . . .     SeeInvis .       - Unarmed
rCold  . . .     Clarity  .     (no shield)
rNeg   . . .     SustAt   .     (helmet restricted)
rPois  .         Gourm    .     (no amulet)
rElec  .         Spirit   .     (no ring)
rCorr  .         Warding  .     (no ring)
rMut   .         NoTele   +     (no ring)
MR     .....                    (no ring)
Stlth  ++........               (no ring)
                                (no ring)
                                (no ring)
                                (no ring)

@: not resistant to hostile enchantments, unstealthy
A: almost no armour, amphibious, 8 rings, constrict 8, camouflage 1, gelatinous
body 1
a: no special abilities


You were in the Dungeon.
You were not hungry.

You visited 1 branch

Inventory:

Missiles
 a - 12 arrows
Scrolls
 i - a scroll of blinking {!r}
Potions
 d - a potion of curing
 e - a potion of heal wounds
 f - a potion of haste
 g - 2 potions of magic
 h - a potion of berserk rage {!q}
Books
 b - a book of Changes
Comestibles
 c - a bread ration {@e1}
 j - 3 chunks of flesh {@w0}


   Skills:
 + Level 2.4 Fighting
 - Level 2.0 Dodging
 - Level 3.0 Unarmed Combat
 - Level 2.0 Spellcasting
 + Level 3.0 Transmutations


You had 3 spell levels left.
You knew the following spells:

 Your Spells              Type           Power        Failure   Level  Hunger
a - Beastly Appendage     Trmt           ##....       8%          1    #......


Dungeon Overview and Level Annotations

Branches:
Dungeon (1/1)

Altars:


Innate Abilities, Weirdness & Mutations

You cannot wear most types of armour.
You are amphibious.
You can wear up to eight rings at the same time.
You can use your tentacles to constrict eight enemies at once.
Your skin changes colour to match your surroundings (Stealth).
Your rubbery body absorbs attacks (AC +1).


Message History

Welcome, esc the Octopode Transmuter.
Found a staircase leading out of the dungeon.
Okay, then.
You open the door. 2 goblins and 3 kobolds come into view.
The kobold shouts!
There is an open door to the Dungeon here.
The kobold shouts!
The goblin shouts!
You tentacle-slap the kobold but do no damage.
Your grab misses the kobold. Your squeeze misses the kobold.
You closely miss the kobold. You grab the kobold.
You constrict the kobold, but do no damage.
The kobold hits you but does no damage.
You tentacle-slap the kobold.
You kill the kobold!
You tentacle-slap the goblin. You grab the goblin. You squeeze the goblin.
You kill the goblin!
Your Fighting skill increases to level 2!
You barely miss the goblin. You grab the goblin.
You constrict the goblin, but do no damage.
The goblin hits you but does no damage.
You tentacle-slap the goblin.
You kill the goblin!
The kobold throws a stone.
The stone closely misses you. The kobold hits you but does no damage.
Items here: ))) †† a club x2 a short sword; a goblin corpse; a kobold corpse You barely miss the kobold.
Your grab misses the kobold. The kobold barely misses you.
You tentacle-slap the kobold.
You kill the kobold!
The kobold throws a stone.
The stone hits you.
You take 1 damage, and have 12/14 hp.
The kobold hits you.
Things that are here:
a dagger; 3 stones; a kobold corpse You take 1 damage, and have 11/14 hp.
You tentacle-slap the kobold. You grab the kobold. You constrict the kobold.
You kill the kobold!
Your Transmutations skill increases to level 3!
You see here 2 stones.
You see here 2 stones.
Things that are here:
a dagger; 3 stones; a kobold corpse
Items here: ( ))) †† a stone; a club; a club; a short sword; a goblin corpse; a kobold corpse You butcher the goblin corpse.
j - 3 chunks of flesh {@w0}
Items here: ( ))) † a stone; a club; a club; a short sword; a kobold corpse
Things that are here:
a dagger; 3 stones; a kobold corpse You see here 2 stones.
You start resting.
Health restored: 15 You open the door.
A bat, an ice beast, 2 goblins and an orc priest come into view.
The orc priest shouts!
The hobgoblin shouts!
The ice beast hits you. The ice beast freezes you!
Ouch! That really hurt!
* * * LOW HITPOINT WARNING * * *
There is an open door here.
You take 13 damage, and have 2/15 hp.
MASSIVE DAMAGE!!

▓+▓
▓g▓
▓g▓
▓b▓
▓o▓
▓Y▓
▓@▓
▓.▓
▓.▓
▓(▓
▓)▓
▓(▓
▓'▓
▓.▓
▓.▓


You could see an ice beast, an orc priest, a hobgoblin, a goblin and a bat.

Vanquished Creatures
  2 goblins (D)
  3 kobolds (D)
5 creatures vanquished.

Notes
Turn   | Place    | Note
--------------------------------------------------------------
     0 | D        | esc the Octopode Transmuter began the quest for the Orb.
     0 | D        | Reached XP level 1. HP: 13/13 MP: 3/3
     9 | D        | Reached skill level 2 in Fighting
    16 | D        | Reached skill level 3 in Transmutations
    91 | D        | Noticed an orc priest
    91 | D        | Noticed an ice beast
    92 | D        | HP: 2/15 [ice beast (9)]
    93 | D        | Quit the game

Vault maps used:
D:        linesprint

Action                   || total
-------------------------++-------
Melee: Unarmed           ||     9

Vault maps used:
D:        linesprint

Table legend:
 A = Turns spent in this place as a percentage of turns spent in the entire game.
 B = Non-inter-level travel turns spent in this place as a percentage of non-inter-level travel turns spent in the entire game.
 C = Inter-level travel turns spent in this place as a percentage of turns spent in this place.
 D = Turns resting spent in this place as a percentage of non-inter-level travel turns spent in this place.
 E = Turns spent auto-exploring this place as a percentage of non-inter-level travel turns spent in this place.
 F = Non-inter-level travel turns spent in this place divided by the number of levels of this place that you've seen.
                   A       B       C       D       E      F
               +-------+-------+-------+-------+-------+----------------------
         Total | 100.0 | 100.0 |   0.0 |   5.9 |   0.0 |  34.0
       Dungeon | 100.0 | 100.0 |   0.0 |   5.9 |   0.0 |  34.0
               +-------+-------+-------+-------+-------+----------------------

Table legend:
 A = Kills in this place as a percentage of kills in entire the game.
 B = Kills by you in this place as a percentage of kills by you in the entire game.
 C = Kills by friends in this place as a percentage of kills by friends in the entire game.
 D = Other kills in this place as a percentage of other kills in the entire game.
 E = Experience gained in this place as a percentage of experience gained in the entire game.
 F = Experience gained in this place divided by the number of levels of this place that you have seen.
                   A       B       C       D       E      F
               +-------+-------+-------+-------+-------+----------------------
         Total | 100.0 | 100.0 |  -nan |  -nan | 100.0 |   7.0
       Dungeon | 100.0 | 100.0 |  -nan |  -nan | 100.0 |   7.0
               +-------+-------+-------+-------+-------+----------------------
